Map: Abyssal Reef LE

Players

SpeCial - Winner!

  • Race: Terran Terran
  • Spawn Location: 11:00

Has

  • Race: Protoss Protoss
  • Spawn Location: 5:00

Event: WCS Austin 2017

VOD

Have the link to the VOD?

Description

Time

  • Played on: April 28, 2017, 8:27 p.m.
  • Length: 12:30

All games in this series

Show
View Real Time Build Order
Export as new Build Order

SpeCial Terran - Winner!

Build Orders: Cyclone Opening 

Get SALT Encoding   

  12  0:00  SCV  
  13  0:12  SCV  
  14  0:17  Supply Depot  
  14  0:24  SCV  
  15  0:29  Refinery  
  15  0:38  SCV  
  16  0:45  Barracks  
  16  0:50  SCV  
  17  1:02  SCV  
  18  1:15  SCV  
  20  1:33  Reaper, Orbital Command  
  20  1:44  Command Center  
  20  1:55  Factory  
  20  1:58  SCV  
  21  2:07  Barracks Reactor  
  21  2:12  SCV  
  21  2:15  Refinery  
  22  2:16  Supply Depot  
  22  2:24  SCV  
  23  2:31  Engineering Bay  
  23  2:41  Cyclone  
  26  2:44  Marine x2  
  26  2:49  SCV  
  28  2:56  Supply Depot  
  28  3:01  Missile Turret  
  28  3:02  Marine x2  
  30  3:05  SCV  
  31  3:14  Starport  
  31  3:32  Supply Depot  
  31  3:41  SCV  
  31  4:09  Cyclone, Medivac, SCV  
  37  4:10  Supply Depot  
  37  4:11  Supply Depot  
  37  4:15  Barracks Reactor  
  36  4:17  Supply Depot  
  36  4:21  Supply Depot  
  36  4:22  SCV  
  36  4:36  SCV  
  37  4:44  Factory Tech Lab, Starport Tech Lab  
  37  4:50  Command Center  
  37  4:55  Marine  
  37  4:56  Marine  
  39  5:02  Raven  
  41  5:13  Siege Tank  
  41  5:14  Marine  
  44  5:18  Marine  
  46  5:26  SCV  
  47  5:34  Marine  
  48  5:36  Marine  
  48  5:40  SCV  
  50  5:49  Siege Tank  
  48  5:51  Marine  
  48  5:52  SCV  
  48  5:53  Marine  
  48  5:56  Banshee  
  48  6:05  SCV, Orbital Command  
  49  6:11  Bunker  
  49  6:14  Marine  
  49  6:16  Marine  
  49  6:17  SCV  
  48  6:27  Siege Tank  
  48  6:29  SCV  
  48  6:32  Marine  
  51  6:34  Marine  
  51  6:37  SCV  
  54  6:41  SCV  
  54  6:46  Medivac  
  57  6:55  Marine x2  
  57  6:59  Siege Tank  
  60  7:03  SCV  
  54  7:12  SCV  
  54  7:13  Marine  
  54  7:15  SCV  
  56  7:24  Marine, SCV  
  56  7:27  SCV  
  59  7:30  Barracks, Marine  
  59  7:36  Barracks, SCV  
  61  7:42  Terran Infantry Weapons Level 1  
  61  7:47  SCV  
  61  7:49  SCV  
  61  7:50  Marine x2  
  65  7:53  Siege Tank  
  68  7:59  SCV  
  68  8:02  Supply Depot  
  69  8:08  Marine x2, SCV  
  69  8:11  SCV  
  73  8:14  Starport Reactor  
  73  8:16  Refinery  
  73  8:17  Marine  
  73  8:18  Stimpack  
  74  8:20  SCV  
  74  8:23  SCV  
  74  8:24  Supply Depot  
  76  8:30  Supply Depot  
  73  8:37  SCV x2  
  73  8:39  Marine  
  73  8:40  Marine  
  74  8:48  Combat Shields, Marine  
  74  8:49  Factory Reactor  
  77  8:57  Missile Turret  
  77  8:59  Marauder, Marine x2  
  79  9:06  Marauder  
  79  9:08  Missile Turret  
  81  9:10  Medivac  
  81  9:11  Medivac  
  81  9:16  Marine x2  
  87  9:21  Marauder  
  88  9:26  Widow Mine x2  
  88  9:28  Marauder  
  94  9:34  Marine x2  
  96  9:47  Medivac x2  
  96  9:49  Command Center  
  97  9:55  Marine x2  
  97  9:56  Marauder x2  
  103  10:03  Widow Mine x2  
  107  10:13  Barracks  
  107  10:24  Barracks  
  107  10:26  Marauder, Marine  
  107  10:28  Marine x2  
  92  10:47  Widow Mine, Marauder  
  92  10:48  Marauder  
  80  10:55  Marine  
  76  10:59  Widow Mine  
  75  11:08  Marauder  
  75  11:09  Marauder, Marine  
  81  11:27  Widow Mine, Marine  
  81  11:29  Marine  
  81  11:30  Marine  
  81  11:55  Marine  
  81  11:58  Orbital Command  
Show
View Real Time Build Order
Export as new Build Order

Has Protoss 

Build Orders: Blink Stalkers 

Get SALT Encoding   

  12  0:08  Pylon  
  12  0:13  Probe (Chrono Boost)  
  13  0:26  Gateway  
  13  0:30  Probe (Chrono Boost)  
  14  0:36  Assimilator  
  14  0:40  Probe (Chrono Boost)  
  15  0:46  Assimilator  
  15  0:51  Probe (Chrono Boost)  
  16  1:01  Probe (Chrono Boost)  
  17  1:12  Probe (Chrono Boost)  
  17  1:13  Cybernetics Core  
  18  1:22  Probe (Chrono Boost)  
  19  1:31  Pylon  
  19  1:33  Probe (Chrono Boost)  
  20  1:48  Adept  
  20  1:49  Warp Gate  
  20  1:50  Mothership Core (Chrono Boost)  
  24  2:02  Twilight Council  
  25  2:09  Probe (Chrono Boost)  
  25  2:11  Stalker  
  27  2:27  Probe (Chrono Boost)  
  27  2:28  Pylon  
  28  2:39  Probe (Chrono Boost)  
  28  2:43  Blink  
  29  2:50  Pylon  
  29  2:51  Pylon  
  28  3:04  Probe (Chrono Boost)  
  29  3:16  Probe (Chrono Boost)  
  30  3:29  Probe (Chrono Boost)  
  31  3:39  Nexus  
  28  3:42  Probe (Chrono Boost)  
  27  3:52  Stalker  
  27  3:54  Probe (Chrono Boost)  
  24  4:06  Gateway  
  24  4:13  Gateway  
  25  4:21  Stalker  
  26  4:29  Mothership Core (Chrono Boost)  
  28  4:38  Gateway  
  28  4:49  Stalker  
  30  4:53  Probe x2 (Chrono Boost)  
  32  5:09  Stalker  
  32  5:10  Stalker  
  36  5:21  Stalker  
  38  5:35  Stalker x2  
  37  5:50  Stalker x2  
  41  5:59  Stalker x2  
  44  6:12  Stalker x2  
  46  6:31  Adept x2  
  46  6:32  Adept x2  
  52  6:43  Probe x2 (Chrono Boost)  
  52  6:44  Pylon  
  54  7:04  Probe x2 (Chrono Boost)  
  46  7:16  Probe (Chrono Boost)  
  46  7:20  Probe (Chrono Boost)  
  46  7:26  Stalker, Pylon  
  46  7:27  Stalker x2  
  46  7:28  Probe (Chrono Boost), Adept  
  55  7:35  Probe (Chrono Boost)  
  56  7:38  Pylon  
  56  7:40  Probe (Chrono Boost)  
  57  7:45  Probe (Chrono Boost)  
  57  7:50  Probe (Chrono Boost)  
  60  8:01  Probe (Chrono Boost)  
  60  8:02  Stalker x3  
  60  8:05  Probe (Chrono Boost)  
  64  8:11  Probe (Chrono Boost)  
  65  8:16  Probe (Chrono Boost)  
  66  8:22  Probe (Chrono Boost)  
  66  8:26  Probe (Chrono Boost), Pylon  
  68  8:27  Assimilator  
  68  8:29  Assimilator  
  68  8:32  Probe (Chrono Boost)  
  66  8:44  Probe x2 (Chrono Boost)  
  68  8:52  Nexus  
  68  8:53  Pylon  
  68  8:54  Probe x2 (Chrono Boost)  
  70  8:59  Dark Shrine  
  70  9:07  Pylon  
  70  9:08  Stalker  
  70  9:09  Stalker  
  74  9:13  Stalker  
  74  9:15  Probe (Chrono Boost)  
  77  9:18  Probe (Chrono Boost)  
  78  9:26  Probe (Chrono Boost)  
  79  9:31  Stalker  
  79  9:32  Stalker  
  79  9:33  Stalker  
  85  9:40  Probe (Chrono Boost)  
  85  9:41  Probe (Chrono Boost)  
  85  9:44  Pylon  
  87  9:51  Probe (Chrono Boost)  
  84  9:59  Pylon  
  82  10:11  Probe x2 (Chrono Boost)  
  82  10:13  Probe (Chrono Boost)  
  84  10:18  Gateway  
  84  10:19  Dark Templar x2  
  84  10:20  Dark Templar x2  
  61  10:56  Stalker x4  
  16  12:09  Dark Templar  
Tags
 
Add a new tag
Caveats
  • Supply blocks, unpowered buildings, or Contaminate may cause inaccurate times.
  • Supply counts are checked every 10 seconds.